 Dungeon Crawl Stone Soup version 0.28.0-53-g5a82cb258f (webtiles) character file.

Game seed: 9505099932833412427

18 Infernotoast the Chopper (level 2, -1/27 HPs)
             Began as a Minotaur Berserker on July 25, 2022.
             Was a Follower of Trog.
             Slain by an adder (2 damage)
             ... on level 2 of the Dungeon.
             The game lasted 00:03:38 (782 turns).

Infernotoast the Chopper (Minotaur Berserker)        Turns: 782, Time: 00:03:39

Health: -1/27      AC:  2    Str: 21    XL:     2   Next: 51%
Magic:  1/1        EV: 12    Int:  4    God:    Trog [*.....]
Gold:   42         SH:  0    Dex:  9    Spells: 1/1 levels left

rFire   . . .      SeeInvis .   a - +0 hand axe
rCold   . . .      Faith    .   (no shield)
rNeg    . . .      Spirit   .   b - +0 animal skin
rPois   .          Reflect  .   (helmet restricted)
rElec   .          Harm     .   (no cloak)
rCorr   .          Rampage  .   (no gloves)
Will    .....                   (no boots)
Stlth   +.........              (no amulet)
HPRegen 0.09/turn               (no ring)
MPRegen 0.07/turn               (no ring)

@: lethally poisoned (-1 -> -2)
A: horns 2, retaliatory headbutt
a: Renounce Religion, Berserk


You were on level 2 of the Dungeon.
You worshipped Trog.
Trog was aware of your devotion.
You visited 1 branch of the dungeon, and saw 2 of its levels.

You collected 42 gold pieces.

Inventory:

Hand Weapons
 a - a +0 hand axe (weapon)
Missiles
 e - 4 javelins (quivered)
Armour
 b - a +0 animal skin (worn)
Scrolls
 d - a scroll of immolation


   Skills:
 + Level 4.1 Fighting
 + Level 4.1 Axes
 + Level 2.7 Armour
 + Level 2.3 Dodging


You had one spell level left.
You didn't know any spells.
Your spell library was empty.

Dungeon Overview and Level Annotations

Branches:
Dungeon (2/15)

Altars:


Innate Abilities, Weirdness & Mutations

You have a pair of horns on your head.
You reflexively headbutt those who attack you in melee.


Message History

Press: ? - help, Dir - move target, f - frilled lizard
Aim: a frilled lizard (about 58% to evade your +0 hand axe)
You miss the frilled lizard. You hit the rat but do no damage.
The rat closely misses you. The frilled lizard closely misses you.
You furiously retaliate!
You headbutt the frilled lizard!
You kill the frilled lizard!
Trog accepts your kill.
You barely miss the rat. The rat bites you.
You hit the rat but do no damage. The rat barely misses you.
You hit the rat.
You kill the rat!
Trog accepts your kill.
You see here a rat corpse.
An adder comes into view.
Found 9 gold pieces.
The adder hisses angrily.
A dart slug comes into view.
The adder misses you. You furiously retaliate!
You headbutt the adder, but do no damage.
You closely miss the adder. The adder bites you.
You miss the adder. The adder bites you. x2
You are poisoned.
The adder poisons you!
You miss the adder. Your headbutt misses the adder.
You feel sick. The adder bites you.
You hit the adder.
The adder is moderately wounded.
You feel sick. The adder barely misses you. The adder closely misses you.
You closely miss the adder.
The adder is moderately wounded.
You feel sick. The adder barely misses you.
You closely miss the adder.
The adder is moderately wounded.
You feel sick. The adder bites you.
* * * LOW HITPOINT WARNING * * *
You hit the adder.
The adder is heavily wounded.
* * * LOW HITPOINT WARNING * * *
You feel sick. The adder bites you.
You die...

##.$#.#.#
.......#
....#.#######
..##.......# #
#.##........
#.##.##<.......
#.....†........
####.###.......
#@# ....... #S#
......# #w#
####### #.# ..#
###


You could see an adder and a dart slug.

Vanquished Creatures
  An endoplasm (D:1)
  A hobgoblin (D:1)
  2 jackals (D:1)
  2 quokkas (D:1)
  3 ball pythons (D:1)
  4 bats (D:1)
  A frilled lizard (D:2)
  A kobold (D:1)
  2 rats
17 creatures vanquished.

Notes
Turn   | Place    | Note
-------+----------+-------------------------------------------
     0 | D:1      | Infernotoast the Minotaur Berserker began the quest for the
                  | Orb.
     0 | D:1      | Reached XP level 1. HP: 19/19 MP: 0/0
   263 | D:1      | Found a faded altar of an unknown god.
   305 | D:1      | Reached XP level 2. HP: 14/27 MP: 1/1
   782 | D:2      | HP: 1/27 [poisoned by an adder]
   782 | D:2      | Slain by an adder

Illustrated notes

Levels and vault maps discovered:
D:1:      dpeg_arrival_arbitrary_c, layout_loops_ring,
          hellmonk_ecumenical_altar_blasted, amcnicky_mini_rare_corridor_liquid,
          minmay_misc_feat_rugged, corexii_hall_statues_l
D:2:      layout_loops_cross, basic_altar, minmay_between

Skill      XL: |  1  2 |
---------------+-------+-----
Fighting       | 4 |  4.1
Axes           | 4 |  4.1
Armour         | |  2.7
Dodging        | |  2.3

Action                   || total
-------------------------++-------
Melee: Hand axe          ||    41
       Headbutt          ||     5
  Use: Potion            ||     1
Armor: Animal skin       ||     4
Dodge: Dodged            ||    28
